 Dungeon Crawl Stone Soup version bcrawl-1.21.2-1-g32d02e0829 (webtiles) character file.

Game seed: 13566026576388196839

32 Mrkan the Charlatan (level 3, 0/31 HPs)
             Began as a Sand Dwarf Spelunker on Feb 19, 2020.
             Slain by a worm (3 damage)
             ... on level 2 of the Dungeon.
             The game lasted 00:02:53 (1315 turns).

Mrkan the Charlatan (Sand Dwarf Spelunker)          Turns: 1315, Time: 00:02:54

Health: 0/31       AC:  3    Str: 17    XL:     3   Next: 27%
Magic:  5/6        EV: 13    Int: 12    God:
Gold:   15         SH:  0    Dex: 10    Spells: 3/6 levels left

rFire    . . .     SeeInvis .   l - +0 club
rCold    . . .     Gourm    .   (shield restricted)
rNeg     . . .     Faith    .   b - +0 leather armour
rPois    .         Spirit   .   (no helmet)
rElec    .         Reflect  .   (no cloak)
rCorr    .         Harm     .   (no gloves)
MR       .....                  (no boots)
Stlth    ++........             (no amulet)
HPRegen  0.10/turn              (no ring)
MPRegen  0.10/turn              (no ring)

@: slow
A: small, slowness 1, armour attunement
a: no special abilities


You were on level 2 of the Dungeon.
You were not hungry.

You visited 1 branch of the dungeon, and saw 2 of its levels.

You collected 15 gold pieces.

Inventory:

Hand Weapons
 l - a +0 club (weapon)
Armour
 b - a +0 leather armour (worn)
Wands
 c - a wand of digging (10)
Scrolls
 f - a scroll of noise
 g - 2 scrolls of identify {unknown}
 h - a scroll of remove curse {unknown}
 i - a scroll of blinking {unknown}
 j - a scroll of teleportation {unknown}
 m - a scroll of enchant weapon {unknown}
 n - a scroll of fear {unknown}
Potions
 k - 2 potions of curing {unknown}
Miscellaneous
 d - a lamp of fire
Comestibles
 a - 4 chunks of flesh
 e - 2 rations {!d}


   Skills:
 + Level 3.1 Fighting
   Level 1.5 Short Blades
 * Level 1.1 Maces & Flails
 + Level 1.0 Armour
 - Level 2.4 Stealth
 + Level 2.2 Spellcasting
 - Level 1.5 Hexes
 - Level 1.5 Transmutations
 + Level 2.8 Earth Magic
 - Level 3.1 Evocations


You had 3 spell levels left.
You knew the following spells:

 Your Spells              Type           Power        Failure   Level  Hunger
a - Corona                Hex            #......      14%         1    ##.....
b - Passwall              Tmut/Erth      #.......     16%         2    ###....
Your spell library was empty.

Dungeon Overview and Level Annotations

Branches:
Dungeon (2/12)

Altars:


Innate Abilities, Weirdness & Mutations

You are small and have problems with some larger weapons.
You cover ground slowly.
Armour does not affect your spellcasting.


Message History

The phantom closely misses you.
You hit the phantom but do no damage.
The phantom is lightly damaged.
The phantom stops glowing.
The phantom closely misses you.
Sorry, you're not good enough to have a special ability.
Sorry, you're not good enough to have a special ability.
You hit the phantom.
The phantom is lightly damaged.
The phantom closely misses you.
You closely miss the phantom.
The phantom is lightly damaged.
The phantom barely misses you. The phantom hits you.
* * * LOW HITPOINT WARNING * * *
The phantom blinks!
The phantom blinks!
The phantom blinks!
A worm comes into view.
Your magical contamination has completely faded away.
The worm bites you.
You die...

############# #..w@.......#######
#.#########W....... #####
#..###### ...#### ####..###
#####.#.... #.......#
......#...##########.##..#.######
....#####[....รท...##.#...........
......#...#######.##.#........###
#.###.#.### #.............W...


You could see a phantom and a worm.

Vanquished Creatures
  2 dart slugs (D:1)
  2 bats
  2 giant cockroaches
  5 goblins
  3 hobgoblins
  5 kobolds
  2 frilled lizards (D:1)
  4 rats (D:1)
25 creatures vanquished.

Notes
Turn   | Place    | Note
-------+----------+-------------------------------------------
     0 | D:1      | Mrkan the Sand Dwarf Spelunker began the quest for the Orb.
     0 | D:1      | Reached XP level 1. HP: 18/18 MP: 3/3
   304 | D:1      | Reached XP level 2. HP: 18/25 MP: 5/5
  1068 | D:2      | Reached XP level 3. HP: 27/31 MP: 6/6
  1243 | D:2      | Reached skill level 1 in Maces & Flails
  1243 | D:2      | Reached skill level 1 in Armour
  1272 | D:2      | Noticed a phantom
  1301 | D:2      | HP: 1/31 [phantom (6)]
  1315 | D:2      | Slain by a worm

Skill      XL: |  1  2  3 |
---------------+----------+-----
Evocations     | 3 |  3.1
Fighting       | 3 |  3.1
Maces & Flails | 1 |  1.1
Armour         | 1 |  1.0
Short Blades   | |  1.5
Stealth        | |  2.4
Spellcasting   | |  2.2
Hexes          | |  1.5
Transmutations | |  1.5
Earth Magic    | |  2.8

Action                   || total
-------------------------++-------
Melee: Dagger            ||    54
       Club              ||    62
 Cast: Corona            ||     2
 Stab: Sleeping          ||     1
  Eat: Chunk             ||     2
Armor: Leather armour    ||    43
Dodge: Dodged            ||   120
